 Dungeon Crawl Stone Soup version 0.26-a0-682-g294304f6e8 (webtiles) character file.

Game seed: 10486679496820674033

(classic levelgen) 34 EnegeticOcto the Digger (level 3, -1/21 HPs)
             Began as a Halfling Earth Elementalist on Oct 20, 2020.
             Shot with an arrow by a centaur (8 damage)
             ... on level 5 of the Dungeon.
             The game lasted 00:02:39 (578 turns).

EnegeticOcto the Digger (HaEE)                       Turns: 578, Time: 00:02:39

Health: -1/21      AC:  3    Str:  9    XL:     3   Next: 50%
Magic:  1/5        EV: 15    Int: 14    God:
Gold:   109        SH:  0    Dex: 14    Spells: 4/5 levels left

rFire    . . .     SeeInvis .   i - +0 trident
rCold    . . .     Faith    .   (shield currently unavailable)
rNeg     . . .     Spirit   .   c - +0 robe
rPois    .         Reflect  .   (no helmet)
rElec    .         Harm     .   (no cloak)
rCorr    .         Rampage  .   g - +0 pair of gloves
MR       .....                  (no boots)
Stlth    ++........             (no amulet)
HPRegen  0.07/turn              (no ring)
MPRegen  0.09/turn              (no ring)

@: no status effects
A: small, mutation resistance 1
a: no special abilities


You were on level 5 of the Dungeon.
You visited 1 branch of the dungeon, and saw 5 of its levels.

You collected 109 gold pieces.

Inventory:

Hand Weapons
 h - a +0 spear
 i - a +0 trident (weapon)
Missiles
 b - 63 stones (quivered)
Armour
 c - a +0 robe (worn)
 g - a +0 pair of gloves (worn)
Scrolls
 f - a scroll of enchant weapon {unknown}
 j - a scroll of noise {unknown}
Potions
 a - a potion of curing {unknown}
 d - a potion of stabbing {unknown}
 e - a potion of invisibility {unknown}


   Skills:
 - Level 2.1 Dodging
 - Level 2.1 Stealth
 - Level 1.5 Spellcasting
   Level 0.5 Transmutations
 + Level 4.3 Earth Magic


You had 4 spell levels left.
You knew the following spells:

 Your Spells              Type           Power        Failure   Level
a - Sandblast             Erth           ##....       4%          1

Your spell library contained the following spells:

 Spells                   Type           Power        Failure   Level
 Passwall                 Tmut/Erth      #.......     14%         2
 Stone Arrow              Conj/Erth      #.....       30%         3
 Confusing Touch          Hex            #.......     58%         3
 Gell's Gravitas          Tloc           #.........   58%         3
 Petrify                  Tmut/Erth      #.......     67%         4
 Lee's Rapid Deconstruct  Erth           ##........   75%         5
 Yara's Violent Unravell  Hex/Tmut       #.........   99%         5
 Metabolic Englaciation   Hex/Ice        #.........   100%        5


Dungeon Overview and Level Annotations

Branches:
Dungeon (5/15)
 Temple: D:4-7

Altars:
Kikubaaqudgha
Nemelex Xobeh


Innate Abilities, Weirdness & Mutations

You are small and have problems with some larger weapons.
You are somewhat resistant to further mutation.


Message History

The jackal bites you. x2
You hit the jackal.
You kill the jackal!
You barely miss the jackal. The jackal barely misses you. x2
You puncture the jackal!
You kill the jackal!
The adder barely misses you.
You hit the adder.
The adder is moderately wounded.
The adder completely misses you. The adder bites you.
Casting: Sandblast (safe; 4% risk of failure)
Confirm with . or Enter, or press ? or * to list all spells.
Aiming: Sandblast (safe; 4% risk of failure)
Press: ? - help, Shift-Dir - straight line, f - adder
Aim: an adder (lightly wounded)
The blast of sand hits the adder.
The adder is moderately wounded.
b - 70 stones The adder barely misses you.
Casting: Sandblast (safe; 4% risk of failure)
Confirm with . or Enter, or press ? or * to list all spells.
Aiming: Sandblast (safe; 4% risk of failure)
Press: ? - help, Shift-Dir - straight line, f/p - adder
Aim: an adder (moderately wounded)
The blast of sand misses the adder.
b - 69 stones The adder closely misses you.
Casting: Sandblast (safe; 4% risk of failure)
Confirm with . or Enter, or press ? or * to list all spells.
Aiming: Sandblast (safe; 4% risk of failure)
Press: ? - help, Shift-Dir - straight line, f/p - adder
Aim: an adder (moderately wounded)
The blast of sand hits the adder!
You kill the adder!
b - 68 stones
Things that are here:
a jackal corpse; a jackal corpse A quokka skeleton comes into view.
Casting: Sandblast (safe; 4% risk of failure)
Confirm with . or Enter, or press ? or * to list all spells.
Aiming: Sandblast (safe; 4% risk of failure)
Press: ? - help, Shift-Dir - straight line, f - quokka skeleton
Aim: a quokka skeleton (dormant)
The blast of sand hits the quokka skeleton!
You destroy the quokka skeleton!
b - 67 stones You open the door.
Found 8 gold pieces.
There is an open door here.
An iguana comes into view.
The iguana hisses angrily.
Found 15 gold pieces.
Found a brown potion.
You see here 8 gold pieces.
You now have 109 gold pieces (gained 8).
Casting: Sandblast (safe; 4% risk of failure)
Confirm with . or Enter, or press ? or * to list all spells.
Aiming: Sandblast (safe; 4% risk of failure)
Press: ? - help, Shift-Dir - straight line, f - iguana
Aim: an iguana The blast of sand hits the iguana.
The iguana is moderately wounded.
b - 66 stones
Casting: Sandblast (safe; 4% risk of failure)
Confirm with . or Enter, or press ? or * to list all spells.
Aiming: Sandblast (safe; 4% risk of failure)
Press: ? - help, Shift-Dir - straight line, f/p - iguana
Aim: an iguana (moderately wounded)
The blast of sand misses the iguana.
b - 65 stones The iguana bites you.
* * * LOW HITPOINT WARNING * * *
Casting: Sandblast (safe; 4% risk of failure)
Confirm with . or Enter, or press ? or * to list all spells.
Aiming: Sandblast (safe; 4% risk of failure)
Press: ? - help, Shift-Dir - straight line, f/p - iguana
Aim: an iguana (moderately wounded)
The blast of sand hits the iguana but does no damage.
The iguana is moderately wounded.
b - 64 stones The iguana closely misses you.
Casting: Sandblast (safe; 4% risk of failure)
Confirm with . or Enter, or press ? or * to list all spells.
Aiming: Sandblast (safe; 4% risk of failure)
Press: ? - help, Shift-Dir - straight line, f/p - iguana
Aim: an iguana (moderately wounded)
The blast of sand hits the iguana.
The iguana is moderately wounded.
b - 63 stones The iguana barely misses you.
Found a sparkling altar of Nemelex Xobeh.
A centaur comes into view.
An adder comes into view.
There is a fountain of sparkling water here.
Found 2 scrolls labeled MEUTHRA EB ZESM.
There is a fountain of sparkling water here.
The centaur shouts!
The adder hisses angrily.
The centaur wields a +0 shortbow.
The centaur shoots an arrow.
The arrow hits you!
You die...

#.........'.....#
#.........#####.#
###+#.....#<# #.#
#.#.###.#.# #.#
####.#...#.#.#
#.#
?.....!#S#.#†#
#.# #...#.#.#.#
#.#
########⌠l⌠.#.#
#.#
....c.^@._..#.#
#.#
.?.....#⌠.⌠.#.#
#.#
.......##.#.#.#
#.# .......
#...#.# #.#
....... ###.#.#
#.# ....... #.#.#
#.# ....... .#.#
#.# ####### #.#
#.# #.# #.#


You could see a centaur, an iguana and an adder.

Vanquished Creatures
  A gnoll (D:3)
  An adder (D:5)
  A dart slug (D:3)
  A leopard gecko (D:3)
  3 bats
  4 jackals (D:5)
  A kobold (D:2)
  A quokka skeleton (D:5)
  A rat (D:1)
14 creatures vanquished.

Notes
Turn   | Place    | Note
-------+----------+-------------------------------------------
     0 | D:1      | EnegeticOcto the Halfling Earth Elementalist began the
                  | quest for the Orb.
     0 | D:1      | Reached XP level 1. HP: 11/11 MP: 3/3
   120 | D:3      | Reached XP level 2. HP: 17/17 MP: 0/4
   470 | D:4      | Found an ancient bone altar of Kikubaaqudgha.
   487 | D:5      | Entered Level 5 of the Dungeon
   498 | D:5      | Reached skill level 4 in Earth Magic
   498 | D:5      | Reached XP level 3. HP: 19/21 MP: 2/5
   573 | D:5      | Found a sparkling altar of Nemelex Xobeh.
   574 | D:5      | Noticed a centaur
   578 | D:5      | Shot with an arrow by a centaur

Illustrated notes

Levels and vault maps discovered:
D:1:      matt_arrival_spirals, layout_loops_ring
D:2:      layout_basic, palyth_stone_intersect, uniq_natasha
D:3:      layout_loops_corners, yredelemnul_altar_generic, uniq_terence
D:4:      layout_basic, lemuel_crystal_altar, kennysheep_generic_room_10
D:5:      layout_basic, gammafunk_ghost_grave,
          nemelex_xobeh_ov_fountains_minmay, uniq_sigmund

Skill      XL: |  1  2 |
---------------+-------+-----
Earth Magic    | 4 |  4.3
Dodging        | |  2.1
Stealth        | |  2.1
Spellcasting   | |  1.5
Transmutations | |  0.5

Action                   || total
-------------------------++-------
Melee: Trident           ||    22
 Cast: Sandblast         ||    23
Armor: Robe              ||     3
Dodge: Dodged            ||    44

Table legend: (Time is in decaauts)
 A = Elapsed time spent in this place.
 B = Non-inter-level travel time spent in this place.
 C = Inter-level travel time spent in this place.
 D = Time resting spent in this place.
 E = Time spent auto-exploring this place.
 F = Levels seen in this place.
 G = Mean time per level.
                   A        B        C        D        E       F      G
               +--------+--------+--------+--------+--------+-----+--------+
         Total |    583 |    553 |     30 |      0 |      0 |   5 |  116.6 |
       Dungeon |    583 |    553 |     30 |      0 |      0 |   5 |  116.6 |
               +--------+--------+--------+--------+--------+-----+--------+

Top non-repeatable levels by time:
     D:3: 259 daAuts
     D:4: 109 daAuts
     D:5: 97 daAuts
     D:1: 72 daAuts
     D:2: 44 daAuts
